 Dungeon Crawl Stone Soup version 0.29-a0-830-gcb1280458a (webtiles) character file.

Game seed: 8190997323730941843

37 xian the Sneak (level 3, -3/24 HPs)
             Began as an Octopode Brigand on July 11, 2022.
             Slain by a gnoll
             ... wielding a +0 spear
              (10 damage)
             ... on level 2 of the Dungeon.
             The game lasted 00:02:26 (945 turns).

xian the Sneak (Octopode Brigand)                    Turns: 945, Time: 00:02:27

Health: -3/24      AC:  1    Str: 16    XL:     3   Next: 41%
Magic:  3/3        EV: 12    Int: 13    God:
Gold:   21         SH:  3    Dex: 15    Spells: 2/2 levels left

rFire   . . .      SeeInvis .   a - +2 dagger
rCold   . . .      Faith    .   i - +0 buckler
rNeg    . . .      Spirit   .   (helmet restricted)
rPois   .          Reflect  .   (no amulet)
rElec   .          Harm     .   d - +6 ring of strength
rCorr   .          Rampage  .   (no ring)
Will    .....                   (no ring)
Stlth   ++++......              (no ring)
HPRegen 0.08/turn               (no ring)
MPRegen 0.08/turn               (no ring)
                                (no ring)
                                (no ring)

@: no status effects
A: almost no armour, amphibious, 8 rings, camouflage 1, gelatinous body 1,
(nimble swimmer 1), tentacles
a: no special abilities


You were on level 2 of the Dungeon.
You visited 1 branch of the dungeon, and saw 2 of its levels.

You collected 21 gold pieces.

Inventory:

Hand Weapons
 a - a +2 dagger (weapon)
Missiles
 b - 9 poisoned darts
 c - 6 curare-tipped darts
 f - 4 javelins (quivered)
Armour
 i - a +0 buckler (worn)
Jewellery
 d - a +6 ring of strength (left tentacle)
Scrolls
 g - a scroll of immolation {unknown}
 j - 2 scrolls of fog
Potions
 e - a potion of flight {unknown}
 h - a potion of heal wounds {unknown}


   Skills:
 + Level 2.2 Fighting
 + Level 2.0 Short Blades
 + Level 2.1 Throwing
 + Level 1.0 Dodging
 + Level 6.8 Stealth


You had 2 spell levels left.
You didn't know any spells.
Your spell library was empty.

Dungeon Overview and Level Annotations

Branches:
Dungeon (2/15)

Altars:


Innate Abilities, Weirdness & Mutations

You cannot wear most types of armour.
You are amphibious.
You can wear up to eight rings at the same time.
Your skin changes colour to match your surroundings (Stealth+).
Your rubbery body absorbs attacks. (AC +1, EV +1)
((You are camouflaged when in or above water. (Stealth+)))
You have tentacles for arms and can constrict up to eight enemies at once.


Message History

You impale the endoplasm!!
You kill the endoplasm!
You now have 21 gold pieces (gained 9).
An endoplasm comes into view.
A worm comes into view.
Found a club.
The helpless endoplasm fails to defend itself.
You impale the endoplasm!!
You kill the endoplasm!
The worm barely misses you.
You hit the worm. You grab the worm.
The worm is lightly wounded.
You constrict the worm. You hit the worm but do no damage.
You squeeze the worm!
The worm is severely wounded.
You constrict the worm. The worm bites you.
You hit the worm.
You kill the worm!
You see here a worm corpse.
You see here a +0 club.
HP restored. 3 gnolls come into view.
Found 11 gold pieces.
A gnoll comes into view. It is wielding a +0 spear.
The gnoll shouts! x4
The gnoll hits you with a +0 spear. x2
You completely miss the gnoll. You grab the gnoll. You squeeze the gnoll.
The gnoll is moderately wounded.
You constrict the gnoll, but do no damage.
The gnoll misses you.
The gnoll hits you from afar with a +0 spear.
The gnoll hits you with a +0 spear.
You release your grip on the gnoll.
The gnoll attacks as you move away! The gnoll barely misses you.
The gnoll attacks as you move away! The gnoll barely misses you. x2
The gnoll hits you from afar with a +0 spear.
* * * LOW HITPOINT WARNING * * *
Unknown command.
The gnoll hits you from afar with a +0 spear!
You die...

# # #### ####.# .
#.. .....## #. #.#
......#
##.#####.###......#
...................
###....g.gg.....$#
#....g#######.## ..
##.@#.......# ..#
###..###.....# ..
#.........#### #.
#.....##..#
#.##...).##..#
#............#
#....†.....#.#
#..........#..
#..........####
#####


You could see 4 gnolls.

Vanquished Creatures
  A worm (D:2)
  A dart slug (D:1)
  4 endoplasms
  4 giant cockroaches
  3 goblins (D:1)
  A hobgoblin (D:1)
  2 jackals (D:1)
  A kobold (D:1)
  2 quokkas (D:1)
  6 ball pythons (D:1)
  2 bats (D:1)
  A frilled lizard (D:1)
  A rat (D:2)
29 creatures vanquished.

Notes
Turn   | Place    | Note
-------+----------+-------------------------------------------
     0 | D:1      | xian the Octopode Brigand began the quest for the Orb.
     0 | D:1      | Reached XP level 1. HP: 14/14 MP: 1/1
    20 | D:1      | Found a faded altar of an unknown god.
    98 | D:1      | Reached XP level 2. HP: 12/19 MP: 2/2
   297 | D:1      | Reached skill level 6 in Stealth
   561 | D:1      | Reached XP level 3. HP: 24/24 MP: 3/3
   945 | D:2      | Slain by a gnoll

Illustrated notes

Levels and vault maps discovered:
D:1:      zelgadis_glass_arrival_small, layout_loops_cross,
          chequers_ecumenical_altar_simple_redux, fountainhead,
          kennysheep_pointless_box
D:2:      layout_basic, serial_bayou_pond_a, st_stairs_6

Skill      XL: |  1  2 |
---------------+-------+-----
Stealth        | 6 |  6.8
Fighting       | |  2.2
Short Blades   | |  2.0
Throwing       | |  2.1
Dodging        | |  1.0

Action                   || total
-------------------------++-------
Melee: Dagger            ||    35
       Constrict         ||     7
       Tentacles         ||     8
  Use: Scroll            ||     1
 Stab: Sleeping          ||    18
Dodge: Dodged            ||    16

Table legend: (Time is in decaauts)
 A = Elapsed time spent in this place.
 B = Non-inter-level travel time spent in this place.
 C = Inter-level travel time spent in this place.
 D = Time resting spent in this place.
 E = Time spent auto-exploring this place.
 F = Levels seen in this place.
 G = Mean time per level.
                   A        B        C        D        E       F      G
               +--------+--------+--------+--------+--------+-----+--------+
         Total |    941 |    896 |     45 |      0 |    632 |   2 |  470.5 |
       Dungeon |    941 |    896 |     45 |      0 |    632 |   2 |  470.5 |
               +--------+--------+--------+--------+--------+-----+--------+

Top non-repeatable levels by time:
     D:1: 840 daAuts
     D:2: 101 daAuts
